 Dungeon Crawl Stone Soup version 0.31-a0-889-g1a8549509d (webtiles) character file.

Game seed: 15593591277304666

1604 croobank the Firebug (level 8, -4/63 HPs)
             Began as a Demigod Fire Elementalist on Oct 16, 2023.
             Succumbed to Dowan's poison
             ... on level 4 of the Dungeon.
             The game lasted 00:16:55 (6318 turns).

croobank the Firebug (Demigod Fire Elementalist)    Turns: 6318, Time: 00:16:56

Health: -4/63      AC:  7    Str:  9    XL:     8   Next: 36%
Magic:  7/17       EV: 13    Int: 25    God:
Gold:   166        SH:  0    Dex: 14    Spells: 8/14 levels left

rFire   . . .        h - +0 dagger
rCold   . . .        (no shield)
rNeg    . . .        a - +0 robe
rPois   .            v - +0 helmet
rElec   .            r - +0 cloak
rCorr   .            d - +1 pair of gloves
SInv    .            g - +0 pair of boots
Will    .....        (no amulet)
Stlth   +++          (no ring)
HPRegen 0.30/turn    (no ring)
MPRegen 0.15/turn

%: no passive effects
@: lethally poisoned (-4 -> -30)
A: high MP 1, forlorn, divine attributes
a: no special abilities


You were on level 4 of the Dungeon.
You visited 1 branch of the dungeon, and saw 4 of its levels.
You also visited: Sewer.

You collected 166 gold pieces.

Inventory:

Hand Weapons
 c - a +0 hand axe
 f - a +0 war axe
 h - a +0 dagger (weapon)
 i - a +0 spear
 w - a +1 whip of flaming
Missiles
 m - 53 poisoned darts
 t - a curare-tipped dart
Armour
 a - a +0 robe (worn)
 d - a +1 pair of gloves (worn)
 g - a +0 pair of boots (worn)
 r - a +0 cloak (worn)
 v - a +0 helmet (worn)
 z - a +3 scale mail of poison resistance
Jewellery
 o - a ring of protection from fire
 p - an amulet of reflection
 u - a ring of resist corrosion
Talismans
 e - a beast talisman
Wands
 y - a wand of roots (9)
Scrolls
 b - a scroll of fear
Potions
 k - a potion of cancellation
 n - 2 potions of mutation


   Skills:
 + Level 3.4 Fighting
 + Level 4.2 Dodging
 + Level 4.4 Stealth
 + Level 3.8 Spellcasting
 + Level 3.7 Conjurations
 + Level 3.2 Hexes
 + Level 4.6 Fire Magic


You had 8 spell levels left.
You knew the following spells:

 Your Spells              Type           Power      Damage    Failure   Level
a - Foxfire               Conj/Fire      100%       2x1d9     1%          1
b - Scorch                Fire           56%        2d7       1%          2
c - Inner Flame           Hex/Fire       24%        N/A       5%          3

Your spell library contained the following spells:

 Spells                   Type           Power      Damage    Failure   Level
 Volatile Blastmotes      Fire/Tloc      32%        2d12      11%         3
 Flame Wave               Conj/Fire      25%        2d8       16%         4


Dungeon Overview and Level Annotations

Branches:
Dungeon (4/15)              Sewer (visited)
 Temple: D:4-7

Annotations:
D:4 Dowan


Innate Abilities, Weirdness & Mutations

You have an increased reservoir of magic. (+10% MP)
You shall have no god before yourself.
Your divine heritage dramatically boosts your attributes as you level up.


Message History

Dowan mumbles some strange words.
Dowan blinks!
The orc priest invokes the aid of Beogh against you.
Pain shoots through your body!
You closely miss the orc priest.
The orc priest is heavily wounded.
Dowan says, "Her death will not be in vain!"
Dowan hits you but does no damage. Dowan barely misses you.
The orc priest hits you but does no damage.
You hit the orc priest but do no damage.
The orc priest is heavily wounded.
Dowan hits you with a +4 dagger of venom.
You are poisoned.
The orc priest barely misses you.
You hit the orc priest but do no damage.
The orc priest is heavily wounded.
You feel sick.
Dowan hits you with a +4 dagger of venom.
You are more poisoned.
Dowan hits you with a +4 dagger of venom.
You are lethally poisoned!
The orc priest mumbles some strange prayers to Beogh against you.
Pain shoots through your body!
Casting: Scorch (safe; 1% risk of failure)
Confirm with . or Enter, or press ? or * to list all spells.
Flames lash the orc.
You kill the orc!
* * * LOW HITPOINT WARNING * * *
You feel extremely sick.
Dowan casts a spell.
Dowan blinks!
The orc priest mumbles some strange prayers to Beogh against you.
Pain shoots through your body!
* * * LOW HITPOINT WARNING * * *
Okay, then.
Okay, then.
As you read the scroll labelled FEOTUDGHULUC, it crumbles to dust.
You hear a loud clanging noise!
It was a scroll of noise.
You die...

# ...........#
###.......#
####.##.# #.##.#
#.##.# #.##.#
#.##.#
#.##.#############
#.##...ยง@oe.......
#.########).######
..ooo....#
#######.## #.# #..
###


You could see Dowan (fast) and an orc priest.

Vanquished Creatures
  Pikel (D:3)
  Grinder (D:3)
  Duvessa (D:4)
  2 lemures (D:3)
  6 kobold brigands (Sewer)
  Jessica (D:2)
  Ijyb (D:4)
  Terence (D:2)
  3 orc wizards (D:4)
  Robin (D:3)
  11 adders
  3 river rats
  6 worms
  2 dart slugs (D:3)
  9 orcs
  6 bats
  8 endoplasms
  2 giant cockroaches
  9 hobgoblins
  4 jackals (D:4)
  12 kobolds
  A quokka (D:1)
  16 ball pythons
  3 frilled lizards
  16 goblins
  9 rats
135 creatures vanquished.

Vanquished Creatures (others)
  190 foxfires
190 creatures vanquished.

Grand Total: 325 creatures vanquished

Notes
Turn   | Place    | Note
-------+----------+-------------------------------------------
     0 | D:1      | croobank the Demigod Fire Elementalist began the quest for
                  | the Orb.
     0 | D:1      | Reached XP level 1. HP: 14/14 MP: 5/5
     7 | D:1      | Reached skill level 1 in Conjurations
   305 | D:1      | Reached XP level 2. HP: 20/20 MP: 4/7
   901 | D:1      | Learned a level 2 spell: Scorch
  1093 | D:2      | Reached XP level 3. HP: 26/26 MP: 1/8
  1257 | D:2      | Learned a level 3 spell: Inner Flame
  1538 | D:2      | Noticed Terence
  1573 | D:2      | Killed Terence
  1574 | D:2      | Reached XP level 4. HP: 34/34 MP: 1/10
  2075 | D:2      | Noticed Jessica
  2077 | D:2      | Killed Jessica
  2157 | D:2      | Reached skill level 1 in Hexes
  2159 | D:2      | Reached skill level 1 in Fighting
  2829 | D:3      | Noticed Robin
  2841 | D:3      | Killed Robin
  2842 | D:3      | Reached XP level 5. HP: 28/40 MP: 2/11
  2976 | D:3      | Found a glowing drain.
  3094 | Sewer    | Entered a sewer
  3502 | Sewer    | Reached XP level 6. HP: 42/48 MP: 8/13
  4189 | Sewer    | Reached XP level 7. HP: 34/55 MP: 7/14
  4980 | D:3      | Noticed Grinder
  4986 | D:3      | Killed Grinder
  5628 | D:4      | Noticed Pikel
  5723 | D:3      | Killed Pikel
  5724 | D:3      | Reached XP level 8. HP: 43/63 MP: 0/16
  5847 | D:4      | Noticed Ijyb
  5865 | D:4      | Killed Ijyb
  5991 | D:4      | Noticed Duvessa
  5995 | D:4      | Noticed Dowan
  6015 | D:4      | Killed Duvessa
  6317 | D:4      | HP: 1/63 [orc priest/nerve-wracking pain (10)]
  6318 | D:4      | Succumbed to Dowan's poison

Illustrated notes

Levels and vault maps discovered:
D:1:      dpeg_arrival_subterranean_lakeside_camping, layout_loops_ring,
          hellmonk_ecumenical_altar_lost_god
D:2:      layout_basic, minmay_snake_closets, uniq_jessica, uniq_terence
D:3:      layout_basic, mainiacjoe_overflow_tiny_flanked,
          mainiacjoe_overflow_cross_hatched, portal_sewer_entry_c,
          roderic_lattice_a, uniq_grinder, uniq_robin
D:4:      layout_loops_ring, tgw_trog, serial_shops, shop, uniq_pikel,
          uniq_ijyb, uniq_duvessa, uniq_eustachio

Skill      XL: |  1  2  3  4  5  6  7 |
---------------+----------------------+-----
Conjurations   | 1 2 3 |  3.7
Stealth        | 2 3 4 |  4.4
Dodging        | 2 3 4 |  4.2
Spellcasting   | 2 3 |  3.8
Fire Magic     | 3 4 |  4.6
Hexes          | 1 2 3 |  3.2
Fighting       | 1 2 3 |  3.4

Action                     |  1- 3 |  4- 6 |  7- 9 || total
---------------------------+-------+-------+-------++-------
  Melee: Hand axe          |    26 |       |       ||    26
         Dagger            |       |    82 |    62 ||   144
   Cast: Foxfire           |    41 |    59 |    15 ||   115
         Scorch            |     8 |    43 |    51 ||   102
    Use: Scroll            |       |     7 |     9 ||    16
         Potion            |       |       |     6 ||     6
   Stab: Sleeping          |     3 |     1 |       ||     4
 Armour: Robe              |    17 |    45 |    56 ||   118
  Dodge: Dodged            |    22 |    74 |    56 ||   152

Table legend: (Time is in decaauts)
 A = Elapsed time spent in this place.
 B = Non-inter-level travel time spent in this place.
 C = Inter-level travel time spent in this place.
 D = Time resting spent in this place.
 E = Time spent auto-exploring this place.
 F = Levels seen in this place.
 G = Mean time per level.
                   A        B        C        D        E       F      G
               +--------+--------+--------+--------+--------+-----+--------+
         Total |   6508 |   6394 |    114 |   1781 |   3325 |   5 | 1301.6 |
       Dungeon |   4975 |   4861 |    114 |   1289 |   2659 |   4 | 1243.8 |
         Sewer |   1532 |   1532 |      0 |    492 |    665 |   1 | 1532.0 |
               +--------+--------+--------+--------+--------+-----+--------+

Top non-repeatable levels by time:
     D:3: 1779 daAuts
     D:2: 1725 daAuts
   Sewer: 1532 daAuts
     D:1: 1092 daAuts
     D:4: 377 daAuts
